 Dungeon Crawl Stone Soup version 0.21.0 (webtiles) character file.

52 Clarigatio the Grave Robber (level 3, 0/26 HPs)
             Began as a Hill Orc Necromancer on Apr 2, 2018.
             Slain by Purgy (2 damage)
             ... on level 3 of the Dungeon.
             The game lasted 00:26:24 (1335 turns).

Clarigatio the Grave Robber (Hill Orc Necromancer)  Turns: 1335, Time: 00:26:25

Health: 0/26       AC:  2    Str: 10    XL:     3   Next: 85%
Magic:  5/5        EV: 12    Int: 16    God:
Gold:   106        SH:  0    Dex: 11    Spells: 0/5 levels left

rFire    . . .     SeeInvis .   d - +2 short sword (freeze)
rCold    . . .     Gourm    .   (no shield)
rNeg     . . .     Faith    .   a - +0 robe
rPois    .         Spirit   .   (no helmet)
rElec    .         Reflect  .   (no cloak)
rCorr    .         Harm     .   (no gloves)
MR       .....                  (no boots)
Stlth    ++........             (no amulet)
HPRegen  0.08/turn              (no ring)
MPRegen  0.09/turn              (no ring)

@: no status effects
A: no striking features
a: no special abilities


You were on level 3 of the Dungeon.
You were not hungry.

You visited 1 branch of the dungeon, and saw 3 of its levels.

You collected 106 gold pieces.

Inventory:

Hand Weapons
 d - a +2 short sword of freezing (weapon)
 o - a +0 hunting sling
 s - a +0 antimagic mace
Missiles
 j - 12 poisoned needles
 m - 2 javelins of returning (quivered)
Armour
 a - a +0 robe (worn)
 l - a +0 pair of gloves
 q - a +0 helmet of see invisible
Jewellery
 k - an uncursed ring of protection from cold {unknown}
Scrolls
 e - 3 scrolls of identify {unknown}
 g - a scroll of random uselessness {unknown}
 r - 3 scrolls of enchant armour {unknown}
Potions
 f - a potion of degeneration {unknown}
 h - 3 potions of haste {unknown}
 i - a potion of mutation {unknown}
 n - a potion of curing {unknown}
 p - a potion of agility {unknown}
Books
 b - a book of Necromancy

   Spells                             Type                      Level
   a - Pain                           Necromancy                   1
   b - Animate Skeleton               Necromancy                   1
   c - Vampiric Draining              Necromancy                   3
   d - Regeneration                   Charms/Necromancy            3
   e - Animate Dead                   Necromancy                   4
   f - Borgnjor's Vile Clutch         Necromancy/Earth             5
Comestibles
 c - 2 rations
 t - a chunk of flesh


   Skills:
 + Level 1.2 Short Blades
 + Level 0.1 Throwing
 + Level 1.9 Dodging
 + Level 1.6 Stealth
 + Level 1.9 Spellcasting
 + Level 4.6 Necromancy


You couldn't memorise any spells.
You knew the following spells:

 Your Spells              Type           Power        Failure   Level  Hunger
a - Pain                  Necr           ###.         3%          1    #......
b - Animate Skeleton      Necr           N/A          3%          1    #......
c - Vampiric Draining     Necr           ###.......   9%          3    ###....


Dungeon Overview and Level Annotations

Branches:
Dungeon (3/15)

Altars:
Gozag
Xom

Annotations:
D:3 Purgy


Message History

The floor.
You closely miss Purgy.
Purgy is lightly wounded.
Purgy bites you. Purgy claws you. x2
Purgy snarls, "Go!
Away!"
Purgy snarls, "My home!
Leave!"
Purgy snarls, "My home!
Leave!"
A goblin comes into view. It is wielding a club.
The goblin hits you with a club.
* * * LOW HITPOINT WARNING * * *
A leopard gecko comes into view.
Found 12 gold pieces.
Purgy pleads, "Don't hit me!"
The leopard gecko hisses angrily.
You closely miss the leopard gecko. The leopard gecko misses you.
Purgy misses you. x2; Purgy closely misses you.
You miss the leopard gecko. The leopard gecko bites you.
* * * LOW HITPOINT WARNING * * *
Purgy bites you.
You die...

##################
..........g......#
######g########.#########
#.......## #..........
#$##.#.#.## ###########
#..#.##T# # ## #.#@## #
#...l## # #.#.# # .... #
###. # # # # #


You could see Purgy and a leopard gecko.

Vanquished Creatures
  An adder (D:2)
  A worm (D:2)
  2 leopard geckos (D:1)
  6 bats (D:1)
  A giant cockroach (D:2)
  3 goblins
  4 hobgoblins
  11 kobolds
  A ball python (D:1)
  4 rats
34 creatures vanquished.

Vanquished Creatures (collateral kills)
  2 frilled lizards (D:1)
  3 rats (D:1)
5 creatures vanquished.

Grand Total: 39 creatures vanquished

Notes
Turn   | Place    | Note
-------+----------+-------------------------------------------
     0 | D:1      | Clarigatio the Hill Orc Necromancer began the quest for the Orb.
     0 | D:1      | Reached XP level 1. HP: 14/14 MP: 3/3
     2 | D:1      | Learned a level 1 spell: Animate Skeleton
    85 | D:1      | Reached XP level 2. HP: 6/20 MP: 4/4
   394 | D:1      | Reached XP level 3. HP: 17/26 MP: 5/5
   530 | D:1      | Learned a level 3 spell: Vampiric Draining
   690 | D:2      | Reached skill level 1 in Short Blades
   750 | D:2      | Found an opulent altar of Gozag.
   966 | D:2      | Found a shimmering altar of Xom.
  1234 | D:3      | Noticed Purgy
  1335 | D:3      | Slain by Purgy

Skill      XL: |  1  2  3 |
---------------+----------+-----
Short Blades   | 1 |  1.2
Throwing       | |  0.1
Dodging        | |  1.9
Stealth        | |  1.6
Spellcasting   | |  1.9
Necromancy     | |  4.6

Action                   || total
-------------------------++-------
Melee: Short sword       ||    67
Throw: Javelin           ||    17
 Cast: Pain              ||    14
       Animate Skeleton  ||    15
 Stab: Sleeping          ||     2
  Eat: Ration            ||     1
       Chunk             ||     1
Armor: Robe              ||    17
Dodge: Dodged            ||    63
